 Dungeon Crawl Stone Soup version 0.31-a0-981-geadf994542 (webtiles) character file.

Game seed: 3196365170954117002

322 zenocrate the Ruffian (level 6, 61/61 HPs)
             Began as a Troll Fighter on Oct 31, 2023.
             Quit the game on level 4 of the Dungeon.
             The game lasted 00:03:24 (2610 turns).

zenocrate the Ruffian (Troll Fighter)               Turns: 2610, Time: 00:03:24

Health: 61/61      AC:  4    Str: 25    XL:     6   Next: 22%
Magic:  4/4        EV:  9    Int: 10    God:
Gold:   245        SH:  8    Dex: 11    Spells: 5/5 levels left

rFire   . .          .
                       - Unarmed
rCold   . . .        b - +0 kite shield
rNeg    . . .        a - +0 robe
rPois   .            (helmet restricted)
rElec   .            (no cloak)
rCorr   .            (gloves unavailable)
SInv    .            (boots unavailable)
Will    .....        g - amulet of guardian spirit
Stlth   +            l - +6 ring of intelligence
HPRegen 1.10/turn    (no ring)
MPRegen 0.09/turn

%: guardian spirit
@: no status effects
A: large, unfitting armour, claws 3, regeneration 1, shaggy fur 1, tough skin 1,
hooves 1, low MP 1, inability to drink after injury 1
a: no special abilities


You were on level 4 of the Dungeon.
You visited 1 branch of the dungeon, and saw 5 of its levels.

You collected 245 gold pieces.

Inventory:

Missiles
 k - 2 throwing nets
Armour
 a - a +0 robe (worn)
 b - a +0 kite shield (worn)
Jewellery
 g - an amulet of guardian spirit (around neck)
 l - a +6 ring of intelligence (left claw)
Scrolls
 c - a scroll of brand weapon
 d - a scroll of poison {unknown}
 e - 2 scrolls of teleportation {unknown}
 f - a scroll of amnesia {unknown}
 h - 3 scrolls of fog {unknown}
 i - 2 scrolls of identify
 j - a scroll of acquirement {unknown}
Potions
 m - a potion of haste


   Skills:
 - Level 3.3 Fighting
 + Level 0.9 Throwing
 - Level 3.2 Dodging
 - Level 2.6 Shields
 + Level 5.1 Unarmed Combat
 - Level 0.2 Spellcasting


You had 5 spell levels left.
You didn't know any spells.
Your spell library contained the following spells:

 Spells                   Type           Power      Damage    Failure   Level
 Dazzling Flash           Conj/Hex       0%         N/A       94%         3
 Hailstorm                Conj/Ice       0%         3d3       94%         3
 Volatile Blastmotes      Fire/Tloc      0%         2d10      94%         3
 Summon Ice Beast         Ice/Summ       0%         N/A       100%        4
 Simulacrum               Ice/Necr       0%         N/A       100%        6
 Starburst                Conj/Fire      0%         6d3       100%        6
 Maxwell's Capacitive Co  Air            0%         ∞         100%        8


Dungeon Overview and Level Annotations

Branches:
Dungeon (5/15)
 Temple: D:4-7

Altars:


Innate Abilities, Weirdness & Mutations

You are too large for most types of armour.
You have claws for hands.
Your natural rate of healing is unusually fast.
You are covered in fur. (AC +1)
You have tough skin. (AC +1)
You have large cloven feet.
Your magical capacity is low. (-10% MP)
You occasionally lose the ability to drink potions when taking damage.


Message History

You now have 231 gold pieces (gained 18).
You now have 240 gold pieces (gained 9).
Key pressed, stopping explore.
No target in view!
An endoplasm comes into view.
The endoplasm quivers.
An endoplasm is nearby!
An endoplasm is nearby!
An endoplasm is nearby!
You barely miss the endoplasm. You kick the endoplasm.
The endoplasm is severely wounded.
You block the endoplasm's attack.
You claw the endoplasm!
You kill the endoplasm!
No target in view!
There is a stone staircase leading down here.
Done exploring.
No target in view!
Done exploring.
Done exploring.
No target in view!
No target in view!
There is a stone staircase leading down here.
You climb downwards.
There is a stone staircase leading up here.
Unknown command.
You now have 245 gold pieces (gained 5).
Key pressed, stopping explore.
Unknown command.
Found a trident.
No target in view!
No target in view!
No target in view!
i - 2 scrolls of identify (gained 1)
Found a scale mail.
Found a robe.
No target in view!
Found a flux talisman.
No target in view!
Are you sure you want to abandon this character and quit the game? (Confirm with "yes".)

..........#
..........#
.....#....#
.....###..#
.......#..###
........#...######
....#...###......#
.......## #~~.~~.##
........# #...~.@.#
.........##[..)...#
......##.........##
#.###.. ..##.......
#. .. ...#.........
............[
..........
%..........


There were no monsters in sight!

Vanquished Creatures
  A hound (D:4)
  A jelly (D:4)
  2 iguanas (D:4)
  2 orc wizards
  4 gnolls (D:3)
  4 adders
  3 dart slugs
  14 orcs
  12 endoplasms
  2 giant cockroaches
  2 goblins
  3 hobgoblins
  4 jackals (D:3)
  2 quokkas
  A ball python (D:2)
  7 bats
  3 frilled lizards
  4 kobolds
  7 rats
78 creatures vanquished.

Notes
Turn   | Place    | Note
-------+----------+-------------------------------------------
     0 | D:1      | zenocrate the Troll Fighter began the quest for the Orb.
     0 | D:1      | Reached XP level 1. HP: 22/22 MP: 0/0
   412 | D:1      | Reached XP level 2. HP: 29/29 MP: 1/1
  1037 | D:2      | Reached skill level 3 in Unarmed Combat
  1249 | D:2      | Reached XP level 3. HP: 36/36 MP: 2/2
  1775 | D:3      | You fall into a shaft and drop 2 floors!
  1775 | D:5      | Entered Level 5 of the Dungeon
  1793 | D:4      | Reached XP level 4. HP: 44/44 MP: 3/3
  1863 | D:4      | Reached skill level 4 in Unarmed Combat
  1896 | D:4      | Reached XP level 5. HP: 14/50 MP: 4/4
  1904 | D:4      | HP: 3/78 [iguana (8)]
  2132 | D:3      | HP: 1/53 [something (4)]
  2156 | D:3      | Reached XP level 6. HP: 5/61 MP: 5/5
  2236 | D:3      | Reached skill level 5 in Unarmed Combat
  2426 | D:3      | Gained mutation: You possess an exceptional clarity of
                  | mind. [potion of mutation]
  2426 | D:3      | Gained mutation: You occasionally lose the ability to drink
                  | potions when taking damage. [potion of mutation]
  2426 | D:3      | Gained mutation: Your magical capacity is low. (-10% MP)
                  | [potion of mutation]
  2426 | D:3      | Gained mutation: Your skin changes colour to match your
                  | surroundings (Stealth+). [potion of mutation]
  2427 | D:3      | Lost mutation: You possess an exceptional clarity of mind.
                  | [potion of mutation]
  2427 | D:3      | Lost mutation: Your skin changes colour to match your
                  | surroundings (Stealth+). [potion of mutation]
  2427 | D:3      | Gained mutation: You have large cloven feet. [potion of
                  | mutation]
  2610 | D:4      | Quit the game

Illustrated notes

Levels and vault maps discovered:
D:1:      ncdulo_halloftheorcs, layout_basic
D:2:      layout_basic, wad_orctagon
D:3:      layout_basic, minmay_misc_feat_room
D:4:      layout_cave_pools, chequers_temple_overflow_statue_of_worship,
          minmay_temple_entry_waves, serial_rivers,
          chequers_serial_rivers_micro_d, chequers_serial_rivers_micro_b,
          chequers_serial_rivers_micro_c, chequers_serial_rivers_large_b,
          kennysheep_orc_chapel
D:5:      layout_loops_ring, dk_yredelemnul_ordeal,
          gammafunk_ghost_abyssal_escape, nicolae_twisty_statue_hallways

Skill      XL: |  1  2  3  4  5  6 |
---------------+-------------------+-----
Unarmed Combat | 3 4 5 |  5.1
Dodging        | 3 |  3.2
Fighting       | 3 |  3.3
Throwing       | |  0.9
Shields        | |  2.6
Spellcasting   | |  0.2

Action                     |  1- 3 |  4- 6 || total
---------------------------+-------+-------++-------
  Melee: Unarmed           |   100 |   105 ||   205
         Kick              |       |     1 ||     1
    Use: Potion            |       |     5 ||     5
         Scroll            |       |     3 ||     3
   Stab: Sleeping          |     2 |       ||     2
 Armour: Robe              |    54 |    82 ||   136
         Skin              |       |     4 ||     4
  Dodge: Dodged            |    34 |    39 ||    73
  Block: Kite shield       |    33 |    43 ||    76

Table legend: (Time is in decaauts)
 A = Elapsed time spent in this place.
 B = Non-inter-level travel time spent in this place.
 C = Inter-level travel time spent in this place.
 D = Time resting spent in this place.
 E = Time spent auto-exploring this place.
 F = Levels seen in this place.
 G = Mean time per level.
                   A        B        C        D        E       F      G
               +--------+--------+--------+--------+--------+-----+--------+
         Total |   2619 |   2554 |     65 |     62 |   1946 |   5 |  523.8 |
       Dungeon |   2619 |   2554 |     65 |     62 |   1946 |   5 |  523.8 |
               +--------+--------+--------+--------+--------+-----+--------+

Top non-repeatable levels by time:
     D:1: 942 daAuts
     D:2: 697 daAuts
     D:3: 657 daAuts
     D:4: 312 daAuts
     D:5: 10 daAuts
